 Dungeon Crawl Stone Soup version 0.30-a0-374-g95c0257040 (webtiles) character file.

Game seed: 18144744722591342978

46 p00ps00p the Trooper (level 3, -2/33 HPs)
             Began as a Hill Orc Fighter on Nov 26, 2022.
             Slain by an orc
             ... wielding a +0 flail
              (5 damage)
             ... on level 3 of the Dungeon.
             The game lasted 00:01:02 (1250 turns).

p00ps00p the Trooper (Hill Orc Fighter)             Turns: 1250, Time: 00:01:03

Health: -2/33      AC:  7    Str: 20    XL:     3   Next: 66%
Magic:  3/3        EV:  9    Int:  8    God:
Gold:   109        SH:  0    Dex: 10    Spells: 2/2 levels left

rFire   . . .      SeeInvis .    a - +0 war axe
rCold   . . .      Faith    .    c - +0 buckler
rNeg    . . .      Spirit   .    b - +0 scale mail
rPois   .          Reflect  .    (no helmet)
rElec   .          Harm     .    (no cloak)
rCorr   .          Rampage  .    (no gloves)
Will    .....                    (no boots)
Stlth   ..........               (no amulet)
HPRegen 0.25/turn                (no ring)
MPRegen 0.08/turn                (no ring)

@: confused
A: no striking features
a: no special abilities


You were on level 3 of the Dungeon.
You visited 1 branch of the dungeon, and saw 3 of its levels.

You collected 109 gold pieces.

Inventory:

Hand Weapons
 a - a +0 war axe (weapon)
Armour
 b - a +0 scale mail (worn)
 c - a +0 buckler (worn)
Scrolls
 e - 2 scrolls of identify {unknown}
 f - 2 scrolls of silence {unknown}
 g - a scroll of enchant armour {unknown}
 i - a scroll of blinking {unknown}
Potions
 d - a potion of might
 h - 2 potions of mutation {unknown}
 j - 3 potions of brilliance {unknown}
 k - 2 potions of curing {unknown}
 l - a potion of heal wounds {unknown}


   Skills:
 + Level 4.1 Fighting
 + Level 3.4 Axes
 + Level 3.7 Armour
 + Level 3.8 Shields


You had 2 spell levels left.
You didn't know any spells.
Your spell library was empty.

Dungeon Overview and Level Annotations

Branches:
Dungeon (3/15)

Altars:


Message History

You hit the orc but do no damage. You barely miss the orc.
You closely miss the giant cockroach. You hit the orc.
The bat barely misses you.
The giant cockroach bites you but does no damage.
The orc hits you but does no damage. The orc hits you with a +0 whip.
The orc closely misses you.
The giant cockroach bites you but does no damage.
You hit the orc.
You kill the orc!
You hit the giant cockroach but do no damage.
You barely miss something. You barely miss the orc. You hit the orc.
You block the orc's attack.
You hear some strange, mumbled words.
You are confused.
The orc hits you but does no damage. The giant cockroach misses you.
A bat comes into view.
Something hits you. The orc closely misses you.
The orc hits you with a +0 flail!
You are too confused!
You are too confused!
You are too confused!
You closely miss the giant cockroach. You miss the orc.
You closely miss the orc. You completely miss something.
The giant cockroach bites you but does no damage.
The orc hits you with a +0 flail. Something hits you.
* * * LOW HITPOINT WARNING * * *
The giant cockroach barely misses you. The orc hits you with a +0 whip.
* * * LOW HITPOINT WARNING * * *
The orc attacks as you move away! The orc barely misses you.
The giant cockroach attacks as you move away!
The giant cockroach barely misses you. The orc barely misses you.
There is a stone staircase leading up here.
The giant cockroach bites you but does no damage.
The orc hits you with a +0 flail.
* * * LOW HITPOINT WARNING * * *
The orc hits you but does no damage. The giant cockroach barely misses you.
In your confused state, you trip and fall back down the stairs.
* * * LOW HITPOINT WARNING * * *
The orc hits you with a +0 flail.
You die...

#. #. ### #. ..
#. #.##### #.
>...... .##
#.###...=.#
.....#.#ob.....#
#....@Bb.....#
######o......#
........)....#
########.......
....... #...##.
..... ...##.
....


You could see 2 orcs, a giant cockroach and 2 bats.

Vanquished Creatures
  An adder (D:2)
  A dart slug (D:2)
  2 orcs (D:3)
  2 endoplasms (D:2)
  2 giant cockroaches (D:2)
  4 goblins (D:2)
  2 hobgoblins
  A kobold (D:2)
  2 quokkas
  4 ball pythons
  4 bats
  3 frilled lizards
  2 rats (D:2)
30 creatures vanquished.

Notes
Turn   | Place    | Note
-------+----------+-------------------------------------------
     0 | D:1      | p00ps00p the Hill Orc Fighter began the quest for the Orb.
     0 | D:1      | Reached XP level 1. HP: 19/19 MP: 1/1
   619 | D:1      | Reached XP level 2. HP: 27/27 MP: 2/2
   798 | D:2      | Reached skill level 4 in Fighting
   836 | D:2      | Reached XP level 3. HP: 33/33 MP: 3/3
  1250 | D:3      | Slain by an orc

Illustrated notes

Levels and vault maps discovered:
D:1:      minmay_arrival_hallway, layout_loops_ring
D:2:      layout_rooms
D:3:      layout_basic, mainiacjoe_overflow_brackets, corexii_shack

Skill      XL: |  1  2 |
---------------+-------+-----
Axes           | 3 |  3.4
Fighting       | 4 |  4.1
Armour         | |  3.7
Shields        | |  3.8

Action                   || total
-------------------------++-------
Melee: War axe           ||    81
Armor: Scale mail        ||    59
Dodge: Dodged            ||    61
Block: Buckler           ||    24

Table legend: (Time is in decaauts)
 A = Elapsed time spent in this place.
 B = Non-inter-level travel time spent in this place.
 C = Inter-level travel time spent in this place.
 D = Time resting spent in this place.
 E = Time spent auto-exploring this place.
 F = Levels seen in this place.
 G = Mean time per level.
                   A        B        C        D        E       F      G
               +--------+--------+--------+--------+--------+-----+--------+
         Total |   1281 |   1244 |     37 |      0 |   1031 |   3 |  427.0 |
       Dungeon |   1281 |   1244 |     37 |      0 |   1031 |   3 |  427.0 |
               +--------+--------+--------+--------+--------+-----+--------+

Top non-repeatable levels by time:
     D:1: 653 daAuts
     D:2: 613 daAuts
     D:3: 14 daAuts
